[Event "FTX Crypto Cup MCCT 2022"]
[Site "Miami"]
[Date "2022.08.11"]
[Round "6.3"]
[White "Giri, Anish"]
[Black "Le, Quang Liem"]
[Result "1/2-1/2"]
[ECO "A07"]
[WhiteElo "2760"]
[BlackElo "2722"]
[Annotator "TA"]
[PlyCount "127"]
[EventDate "2022.08.10"]
[EventType "tourn"]
[EventCountry "USA"]
[SourceTitle "playchess.com"]
[Source "ChessBase"]
[SourceQuality "1"]
[TimeControl "900+10"]

1. Nf3 d5 2. g3 c6 3. Bg2 Bg4 4. h3 Bh5 5. d4 Nd7 6. c4 {[%emt 0:00:02] A07: Réti Opening: New York and Capablanca Systems.} e6 7. Nc3 dxc4 8. O-O Ngf6 {[%emt 0:00:12] [#]} 9. b3 $146 ({Predecessor:} 9. e4 Bb4 10. Qe2 Qe7 11. e5 Nd5 12. Qxc4 N7b6 13. Qb3 Qd7 14. Ng5 Be7 15. Nge4 {1-0 (38) Sjugirov,S (2657)-Subelj,J (2398) Budva 2019}) 9... cxb3 10. Qxb3 Qb6 11. Qa4 Bg6 12. Nh4 Qb4 (12... Bb4 {looks sharper.} 13. Nd1 Qxd4 14. Nxg6 hxg6 15. Rb1 a5) 13. Nxg6 Qxa4 14. Nxa4 hxg6 15. Rb1 {[%emt 0:00:08] Inhibits Nb6.} O-O-O 16. e4 Nb6 17. Nxb6+ axb6 18. Be3 b5 (18... Nd7 $15) 19. Rfc1 $11 b4 20. g4 Be7 21. g5 Nd7 22. d5 Nb8 23. f4 Kc7 24. Bd4 f6 25. a3 bxa3 26. Bb6+ Kc8 27. Bxd8 Rxd8 28. gxf6 gxf6 29. f5 e5 (29... exd5 30. exd5 (30. fxg6 Rg8 $11) 30... gxf5 31. dxc6 bxc6 32. Bxc6 Nxc6 33. Rxc6+ Kd7 34. Ra6 $14) 30. fxg6 Rg8 $1 31. Bf3 {[%emt 0:00:13] Hoping for Bg4+.} Rxg6+ 32. Bg4+ Kc7 33. Kf2 Na6 ({Much less strong is} 33... a2 34. Ra1 $16) 34. Kf3 Rg8 35. dxc6 bxc6 36. Be6 Rh8 37. Rg1 {[%emt 0:00:23][%mdl 1024] White has compensation.} Nc5 38. Bf5 Ra8 (38... a2 $2 39. Rb2 $18) 39. Rg2 Bf8 (39... a2 40. Ra1 $16) 40. h4 Bh6 (40... a2 $2 41. Ra1 $18) ({Black should try} 40... Nb3 $11 41. Rxb3 a2 42. Rxa2 Rxa2) 41. Ra2 $1 $14 Bf8 (41... Nb7 $14) 42. h5 $16 Na4 (42... Nd3 $16) 43. Rd2 ({Don't do} 43. h6 $6 Bxh6 44. Rxa3 Nb6 45. Rxa8 Nxa8 $16) (43. Rb3 $1 $18 {[%cal Oh5h6] Threatens to win with h6!} Rb8 44. Rxb8 Kxb8 45. Be6) 43... Nc5 44. Ra2 {[%emt 0:00:11] White is more active.} (44. Kg4 $1 $16) 44... Na4 $1 $18 {[%emt 0:00:06] [#]} 45. Rc2 {[%emt 0:00:02] Prevents Nc3.} ({Resist} 45. h6 Bxh6 46. Rxa3 Nb6 47. Rxa8 Nxa8 $16) (45. Rb3 $1 $18 {[%cal Oh5h6] And now h6! would win.} Rb8 46. Rxb8 Kxb8 47. Be6) 45... Rd8 {[%emt 0:00:18] [#]} ({Black should play} 45... Nc5 $14) 46. Be6 $2 (46. Kg4 $1 $16) 46... Nc5 $11 47. Bc4 Rd4 48. Re1 Bh6 49. Ree2 Kd6 50. Ba2 f5 51. exf5 Rf4+ 52. Kg3 Rxf5 53. Kg4 Rf4+ 54. Kg3 Rf5 55. Re1 {[%emt 0:00:03] Rd1+ is the strong threat.} e4 56. Rh1 (56. Rc3 $11 {and White is okay.}) 56... Rf3+ (56... Nd3 $19 57. Rd1 Kc7) 57. Kg2 (57. Kh4 $142) 57... Nd3 $17 58. Rd1 Kc7 $2 (58... Ke5 $19 {aiming for ...Re3.} 59. Rf1 Re3) 59. Bd5 $1 $11 {[%emt 0:00:10] The position is equal.} Nf4+ 60. Kg1 Rg3+ 61. Kf1 Rf3+ 62. Kg1 $1 Rg3+ 63. Kf1 Rf3+ 64. Kg1 $1 {[%emt 0:00:04] What a bad dream for Black.  Weighted Error Value: White=0.16 (very precise) /Black=0.13 (very precise)} 1/2-1/2

[Event "FTX Crypto Cup MCCT 2022"]
[Site "Miami"]
[Date "2022.08.11"]
[Round "6.3"]
[White "Niemann, Hans Moke"]
[Black "Aronian, Levon"]
[Result "1/2-1/2"]
[ECO "A21"]
[WhiteElo "2688"]
[BlackElo "2775"]
[Annotator "TA"]
[PlyCount "69"]
[EventDate "2022.08.10"]
[EventType "tourn"]
[EventCountry "USA"]
[SourceTitle "playchess.com"]
[Source "ChessBase"]
[SourceQuality "1"]
[TimeControl "900+10"]

1. c4 e5 2. Nc3 Bb4 3. Nd5 Be7 4. d4 exd4 5. Qxd4 Nf6 6. Nxe7 {[%emt 0:00:06] A21: English Opening: 1...e5 2 Nc3.} Qxe7 7. Bg5 Nc6 8. Qc3 {[%emt 0:00:06] White has an edge.} Ne5 9. Nf3 d6 10. Nxe5 dxe5 11. f3 Bd7 {[%emt 0:00:44] [#]} 12. e3 $146 ({Predecessor:} 12. Bh4 O-O 13. e4 Rfe8 14. O-O-O c5 15. Bd3 b6 16. Rd2 Bc6 17. Rhd1 Rad8 18. Bc2 Rd4 19. Bf2 Rd7 20. Bh4 {½-½ (22) Sakhabeev,R (2336)-Troger,D (2325) ICCF email 2017}) 12... Bc6 13. Bh4 a5 14. Be2 {[%emt 0:00:50] [#]} ({Better is} 14. Bd3) 14... Ne4 $1 $11 15. Bxe7 Nxc3 16. Ba3 Nxe2 17. Kxe2 f6 18. Rad1 Kf7 19. e4 {[%emt 0:00:03] The position is equal.} Rhd8 20. Rxd8 Rxd8 21. Rd1 Rxd1 22. Kxd1 {[%emt 0:00:00][%mdl 4096] Endgame KB-KB} Bd7 23. Ke2 b6 24. b3 c5 25. Bc1 g5 26. g4 Ke6 27. a4 Be8 28. Kf2 Bd7 29. Kg3 Be8 30. h4 h6 31. h5 Bd7 32. Bd2 Be8 33. Bc1 Bd7 34. Bd2 Be8 35. Bc1 {[%emt 0:00:00] An even fight not without its subleties.  Weighted Error Value: White=0.06 (flawless) /Black=0.04 (flawless)} 1/2-1/2

[Event "FTX Crypto Cup MCCT 2022"]
[Site "Miami"]
[Date "2022.08.11"]
[Round "6.3"]
[White "Praggnanandhaa R"]
[Black "Duda, Jan-Krzysztof"]
[Result "1/2-1/2"]
[ECO "A07"]
[WhiteElo "2648"]
[BlackElo "2750"]
[Annotator "TA"]
[PlyCount "104"]
[EventDate "2022.08.10"]
[EventType "tourn"]
[EventCountry "USA"]
[SourceTitle "playchess.com"]
[Source "ChessBase"]
[SourceQuality "1"]
[TimeControl "900+10"]

1. Nf3 d5 2. g3 g6 3. Bg2 Bg7 4. O-O e5 5. d3 Ne7 6. c4 c6 7. e4 $1 {[%emt 0:00:05][%mdl 4] is more profitable than 7.Nc3 at the moment. A07: Réti Opening: New York and Capablanca Systems.} dxe4 8. dxe4 Qxd1 9. Rxd1 Be6 10. b3 f6 11. Nc3 Na6 12. Be3 {[%emt 0:00:45] [#]} Kf7 $146 ({Predecessor:} 12... h5 13. Ne1 h4 14. Nd3 hxg3 15. hxg3 Kf7 16. f4 exf4 17. gxf4 Rhd8 18. Kf2 Rd7 {½-½ (53) Ding,L (2799)-Aronian,L (2782) chess24.com INT 2021}) 13. Ne1 g5 14. a4 Ng6 15. a5 Bf8 16. Nd3 Be7 17. Na4 Nc7 18. Rd2 Rhd8 19. Rad1 Na6 20. Bf3 g4 21. Be2 f5 22. exf5 (22. f3 $5 ) 22... Bxf5 23. Ndc5 Rxd2 24. Rxd2 Nxc5 25. Nxc5 b6 26. axb6 (26. Nb7 $14) 26... axb6 $11 27. Na4 b5 28. cxb5 cxb5 29. Bxb5 Be6 30. Rb2 e4 31. Bc6 Rb8 32. Nb6 Bd8 $1 33. Nd7 {[%emt 0:00:44] White is more active.} Rxb3 34. Rxb3 Bxb3 35. Bxe4 Be6 36. Nc5 Bc4 37. Bf5 h5 38. Ne4 {[%emt 0:00:09] [#] Hoping for Nd6+.} Ne5 39. Nd6+ Kf6 40. Be4 Be2 41. Bd4 {[%emt 0:00:04] aiming for Bd5.} Ke6 {[%emt 0:00:34] Inhibits Bd5+.} 42. Nf5 (42. Nb7 $5 Bf6 43. Nc5+ Kd6 44. Nb3 $14) 42... Nf3+ {[%emt 0:01:18] The position is equal.} 43. Bxf3 Bxf3 {[%emt 0:00:00][%mdl 4096] Endgame KBB-KBN} 44. Ng7+ Kd5 45. Be3 h4 46. Nh5 h3 47. Nf4+ Ke4 48. Ne6 Ba5 49. Ng5+ Kf5 50. Nxf3 gxf3 51. Kf1 Kg4 52. Bc5 Bc3 {[%emt 0:00:02] Weighted Error Value: White=0.07 (flawless) /Black=0.06 (flawless)} 1/2-1/2

[Event "FTX Crypto Cup MCCT 2022"]
[Site "Miami"]
[Date "2022.08.11"]
[Round "6.4"]
[White "Carlsen, Magnus"]
[Black "Firouzja, Alireza"]
[Result "1/2-1/2"]
[ECO "E04"]
[WhiteElo "2864"]
[BlackElo "2793"]
[Annotator "TA"]
[PlyCount "104"]
[EventDate "2022.08.10"]
[EventType "tourn"]
[EventCountry "USA"]
[SourceTitle "playchess.com"]
[Source "ChessBase"]
[SourceQuality "1"]
[TimeControl "900+10"]

1. d4 Nf6 2. c4 e6 3. Nf3 d5 4. g3 dxc4 5. Bg2 a6 6. O-O Nc6 7. Bg5 {[%emt 0:02:11] E04: Open Catalan: 5 Nf3.} (7. e3 $5 ) 7... Be7 8. e3 Nd5 9. Bxe7 {[%emt 0:00:07] White is slightly better.} Ncxe7 10. Ne5 b5 $1 11. b3 cxb3 12. axb3 O-O 13. Nd3 {[%emt 0:00:22][%mdl 1024] [#] White has compensation.} Bb7 $146 ({Predecessor:} 13... a5 14. Qd2 c6 15. Rc1 Qb6 16. Nc3 Ra7 17. Ne4 Rd8 18. Rc2 Bd7 19. Nec5 Be8 {0-1 (46) Jumabayev,R (2545)-Aleksandrov,A (2607) Pavlodar 2012}) 14. Qd2 Qc8 15. Nc5 Bc6 16. Rc1 Rd8 17. Nc3 Nxc3 18. Bxc6 Nxc6 19. Qxc3 Ne7 20. Nd3 c6 21. Qc5 Qb7 22. Ra5 h6 23. Qa3 Nd5 24. Nc5 Qb6 25. Rxa6 Rxa6 26. Qxa6 Qxa6 27. Nxa6 $11 {[%emt 0:00:00][%mdl 4096] Endgame KRN-KRN} Rc8 28. Kg2 Kf8 29. Kf3 Ke7 30. e4 Nb6 31. Nb4 Kd6 32. e5+ (32. Ke3 $14) 32... Kd7 {[%emt 0:00:05] The position is equal.} 33. Ke2 Nd5 34. Nxd5 cxd5 35. Rxc8 Kxc8 {[%emt 0:00:01] KP-KP} 36. Kf3 Kd7 37. Kg4 {[%emt 0:00:21] [#] Kh5 is the strong threat.} Ke7 38. Kh5 {[%emt 0:01:12] aiming for g4.} Kf8 $1 39. f4 Kg8 40. Kg4 b4 41. f5 g6 42. f6 Kf8 43. Kh4 Kg8 44. g4 Kf8 45. g5 h5 46. Kg3 Ke8 47. h4 $1 Kd7 48. Kh2 Kc6 49. Kh1 Kc7 50. Kh2 Kc6 51. Kh1 Kc7 52. Kh2 Kc6 {[%emt 0:00:00] Weighted Error Value: White=0.06 (flawless) /Black=0.04 (flawless)} 1/2-1/2

[Event "FTX Crypto Cup MCCT 2022"]
[Site "Miami"]
[Date "2022.08.11"]
[Round "6.4"]
[White "Aronian, Levon"]
[Black "Niemann, Hans Moke"]
[Result "1-0"]
[ECO "D02"]
[WhiteElo "2775"]
[BlackElo "2688"]
[Annotator "TA"]
[PlyCount "105"]
[EventDate "2022.08.10"]
[EventType "tourn"]
[EventCountry "USA"]
[SourceTitle "playchess.com"]
[Source "ChessBase"]
[SourceQuality "1"]
[TimeControl "900+10"]

1. d4 Nf6 2. Nf3 d5 3. Bf4 g6 4. e3 Bg7 5. c3 O-O 6. Nbd2 b6 7. Be2 {[%emt 0:00:02] 7.a4 is setting a new trend. D02: 1 d4 d5 2 Nf3 sidelines, including 2...Nf6 3 g3 and 2...Nf6 3 Bf4.} Bb7 8. h4 $5 {[%emt 0:00:01][%mdl 4] [#] An interesting side line.} h6 $146 (8... Nbd7 $11 {keeps the balance.}) ({Predecessor:} 8... Nbd7 9. Ne5 Ne4 10. Nxe4 dxe4 11. h5 Nxe5 12. Bxe5 Bxe5 13. dxe5 Qd5 14. Qxd5 Bxd5 {1-0 (76) Forbes,C (2119)-Rice,C (2116) Hinckley Island 2009}) 9. Ne5 $16 {[%emt 0:00:11] White is better.} Nfd7 10. Ndf3 {[%emt 0:00:02] 0x0.001f2628c97fdp-1022s more active pieces.} (10. Ng4 $16 Kh7 11. Nf3 (11. h5 g5 $11)) 10... Nxe5 $14 11. Bxe5 Nd7 12. Bxg7 Kxg7 13. Qa4 c5 14. h5 g5 $1 15. Bb5 Nf6 16. Ne5 a6 17. Be2 b5 18. Qc2 cxd4 19. exd4 Ne4 (19... b4 $14) 20. f3 Nd6 21. f4 e6 22. O-O f5 23. a4 Nc4 24. axb5 axb5 25. Rxa8 Bxa8 26. Ra1 gxf4 $2 {[%emt 0:00:46] Loses the game.} (26... Nxe5 $14 27. fxe5 Bc6) 27. Ng6 $18 Ne3 {[%emt 0:02:10] [#]} 28. Nxf8 $1 {[%emt 0:00:02] The board is on fire.} Nxc2 29. Nxe6+ Kf6 30. Nxd8 Nxa1 31. Bxb5 {[%emt 0:00:00][%mdl 4096] Endgame KBN-KBN} Nb3 32. Be8 Nd2 33. Bg6 Nc4 34. Nf7 {[%emt 0:00:10] Inhibits Nd6.} Nxb2 35. Nxh6 Nd1 {[%emt 0:00:05] [#]} 36. Ng8+ $1 Kg7 37. Ne7 Nxc3 38. Kf2 {[%emt 0:00:02] Prevents Ne2.} Ne4+ $2 (38... Nb5 39. Nxf5+ Kf6) 39. Kf3 Kf6 {[%emt 0:00:03] [#]} 40. h6 $1 Ng5+ 41. Kxf4 Ne6+ 42. Kg3 {[%emt 0:00:11] Threatening mate with h7.} Nf8 {[%emt 0:02:13] [#]} 43. Bxf5 $1 {[%emt 0:00:11] White mates.} Kxe7 {[%emt 0:00:02] [#]} (43... Bc6 44. Nxc6) 44. h7 $1 Nxh7 45. Bxh7 {[%emt 0:00:01] KB-KB} Kf6 46. Kf4 Bc6 47. g4 Ba4 48. g5+ Kg7 49. Bf5 Bc6 50. Ke5 Bb7 51. Be6 Kg6 52. Bxd5 Ba6 53. Kf4 {[%emt 0:00:01] Weighted Error Value: White=0.06 (flawless) /Black=0.28 (precise)} 1-0

[Event "FTX Crypto Cup MCCT 2022"]
[Site "Miami"]
[Date "2022.08.11"]
[Round "6.4"]
[White "Duda, Jan-Krzysztof"]
[Black "Praggnanandhaa R"]
[Result "0-1"]
[ECO "A22"]
[WhiteElo "2750"]
[BlackElo "2648"]
[Annotator "TA"]
[PlyCount "88"]
[EventDate "2022.08.10"]
[EventType "tourn"]
[EventCountry "USA"]
[SourceTitle "playchess.com"]
[Source "ChessBase"]
[SourceQuality "1"]
[TimeControl "900+10"]

1. c4 e5 2. Nc3 Nf6 3. e3 Bb4 4. Nge2 O-O 5. a3 Be7 6. d4 exd4 7. Qxd4 {[%emt 0:00:11] A22: English Opening: 1...e5 2 Nc3 Nf6.} a5 $5 {[%emt 0:00:47][%cal Ba7a5,Ba5a4][%mdl 4] [#] A promising side line.} 8. Nf4 $146 ({Predecessor:} 8. Ng3 Na6 9. Bd3 Nc5 10. Bc2 d6 11. O-O a4 12. e4 Re8 13. Qd1 Bg4 14. f3 Be6 {½-½ (44) Stalmach,K (2568)-Bescos Anzano,M (2561) GER email 2018}) 8... Na6 9. Be2 {[%emt 0:01:56] The position is equal.} Nc5 {[%emt 0:00:28] Threatening ...Nb3.} 10. Qd1 {[%emt 0:00:01] Inhibits Nb3.} a4 11. O-O c6 12. Bd2 Re8 13. Qc2 d6 14. Rad1 Bf8 15. Nb1 g6 16. Bc3 Bf5 17. Nd3 (17. Bd3 $15) 17... Nfe4 $17 18. Bb4 Qg5 19. Nd2 Nxd2 20. Qxd2 Be4 21. g3 Nb3 $36 {[%emt 0:00:33][%mdl 2048] Black is in control.} 22. Qe1 Rad8 {[%emt 0:00:41] Black is much more active.} (22... Bf5 $5 23. h4 Qe7 $15) 23. Bc3 d5 ({Better is} 23... Qf5 $17) 24. cxd5 $11 cxd5 25. Ne5 Re6 (25... Rxe5 26. f4 Qe7 27. Bxe5 $14) 26. Bd3 {[%emt 0:00:30] [#]} (26. f4 $11 {remains equal.} Qe7 27. Bg4) 26... Bxd3 $1 $17 ({Don't take} 26... Rxe5 27. f4 Qg4 28. fxe5 (28. Bxe5 Bf3 $16) 28... Bxd3 29. Rxd3 $16) 27. Nxd3 d4 28. Nf4 (28. Bb4 $17) 28... Ree8 $2 (28... dxc3 $19 {is more deadly.} 29. Nxe6 {[#]} Rxd1 $1 30. Qxd1 fxe6 31. bxc3 Qd5) 29. Bb4 dxe3 30. Rxd8 Qxd8 ({Of course not} 30... Rxd8 $6 31. Bxf8 Kxf8 32. Qxe3 $11) 31. fxe3 Bxb4 32. Qxb4 Nd2 33. Rc1 {[%emt 0:00:16][%mdl 8192] Now White is beyond hope.} (33. Rf2 $1 $15 Ne4 34. Rf1) 33... Rxe3 $19 34. Kh1 {[%emt 0:01:07] Threatens to win with Rd1.} Nf3 {[%emt 0:00:48] Hoping for ...Rb3. Black is clearly winning.} 35. Kg2 Rb3 36. Qc4 Qd2+ 37. Ne2 Re3 38. Rc3 Qxe2+ (38... Ne1+ $142 39. Kf2 Nd3+ 40. Qxd3 Rxd3) 39. Qxe2 Rxe2+ 40. Kxf3 Rxb2 {[%emt 0:00:01] Strongly threatening ...Rb3. KR-KR} 41. Rc7 Rxh2 42. Rxb7 Ra2 43. Kf4 Rxa3 44. g4 Ra1 {[%emt 0:00:03] Weighted Error Value: White=0.88/Black=0.17 (very precise)} 0-1

[Event "FTX Crypto Cup MCCT 2022"]
[Site "Miami"]
[Date "2022.08.11"]
[Round "6.5"]
[White "Carlsen, Magnus"]
[Black "Firouzja, Alireza"]
[Result "1-0"]
[ECO "A20"]
[WhiteElo "2864"]
[BlackElo "2793"]
[Annotator "TA"]
[PlyCount "95"]
[EventDate "2022.08.10"]
[EventType "tourn"]
[EventCountry "USA"]
[SourceTitle "playchess.com"]
[Source "ChessBase"]
[SourceQuality "1"]
[TimeControl "300+3"]

1. c4 e5 2. g3 Nf6 3. Bg2 Bc5 4. d3 O-O 5. Nf3 d6 6. Nc3 {[%emt 0:00:04] A20: English Opening: 1...e5.} c6 7. O-O a5 8. d4 {[%emt 0:00:24] The position is equal.} exd4 9. Nxd4 a4 10. e3 a3 {[%emt 0:00:13] [#]} 11. Qc2 $146 ({Predecessor:} 11. Na4 Bxd4 12. exd4 axb2 13. Nxb2 d5 14. c5 Re8 15. Re1 Bf5 16. Rxe8+ Qxe8 17. a4 {½-½ (33) Misericordia,A (2305)-Sviderskij,A (2260) LSS email 2021}) 11... Re8 12. Nb3 axb2 13. Bxb2 Be6 (13... Ba3 $11 {should be considered.}) 14. Nxc5 $16 dxc5 15. Ne2 Nbd7 16. Nf4 Qe7 17. a4 Ra6 18. Rfb1 Rea8 19. Bc3 {[%emt 0:00:05] A strong pair of Bishops.} R6a7 ({Black should play} 19... Nf8) 20. a5 Ne8 21. Qd3 {[%emt 0:00:25] 0x0.00198bd10010dp-1022s more active pieces.} Ndf6 (21... Nf8 $16 {keeps fighting.}) 22. Nxe6 $18 Qxe6 23. Rd1 Nc7 24. e4 Na6 25. e5 Ne8 26. f4 {[%emt 0:00:01] Hoping for f5.} Nb4 $2 (26... g6 27. Rab1 Ng7) 27. f5 Qe7 28. Qd7 Qg5 (28... Qxd7 {is a better defense.} 29. Rxd7 b5) 29. e6 fxe6 30. fxe6 {[%emt 0:00:05] Threatening mate with Qf7+.} Qe3+ (30... b5 $142) 31. Kh1 {[%emt 0:00:04] Intending Qf7+ and mate.} (31. Kf1 b6 32. Qd2 Qxd2 33. Rxd2 (33. Bxd2 bxa5 34. Bxb4 axb4 $16) 33... bxa5 34. Bxb4 (34. Rd7 Nc2 $14) 34... cxb4 $16) 31... b6 32. axb6 Nd3 (32... Rxd7 $142 33. exd7 Nd3) 33. Qxd3 (33. Rxa7 {is a self mate.} Nf2+ 34. Kg1 Nh3+ 35. Kh1 {[#]} Qg1+ $3 36. Rxg1 Nf2#) 33... Qxd3 34. bxa7 (34. Rxd3 $2 {perishes.} Rxa1+ 35. Bxa1 Rxa1+ 36. Bf1 Rxf1+ $19) 34... Qxc3 35. Bxc6 {[%emt 0:00:01] White mates.} Rxa7 36. Rxa7 Qxc4 37. Ra8 g6 38. Rxe8+ Kg7 39. e7 Qe2 {[%emt 0:00:04] [#]} 40. Rg8+ $3 Kh6 {[%emt 0:00:02] [#]} (40... Kxg8 41. e8=Q+) 41. e8=Q $1 Qxd1+ 42. Kg2 Qc2+ 43. Kf3 Qf5+ 44. Ke3 Qg5+ 45. Ke2 Qg4+ 46. Bf3 Qc4+ 47. Kf2 Qa2+ 48. Be2 {[%emt 0:00:01] Weighted Error Value: White=0.14 (very precise) /Black=0.38} 1-0

[Event "FTX Crypto Cup MCCT 2022"]
[Site "Miami"]
[Date "2022.08.11"]
[Round "6.5"]
[White "Praggnanandhaa R"]
[Black "Duda, Jan-Krzysztof"]
[Result "0-1"]
[ECO "D79"]
[WhiteElo "2648"]
[BlackElo "2750"]
[Annotator "TA"]
[PlyCount "110"]
[EventDate "2022.08.10"]
[EventType "tourn"]
[EventCountry "USA"]
[SourceTitle "playchess.com"]
[Source "ChessBase"]
[SourceQuality "1"]
[TimeControl "300+3"]

1. Nf3 d5 2. g3 g6 3. Bg2 Bg7 4. O-O Nf6 5. c4 c6 6. cxd5 cxd5 7. Ne5 O-O 8. d4 Ng4 9. Bf4 {[%emt 0:00:02] D79: Fianchetto Grünfeld: Symmetrical Variation (6 0-0 c6 7 cxd5 cxd5).} Nxe5 10. Bxe5 Bxe5 (10... f6 $5 11. Bf4 Nc6 $11) 11. dxe5 {[%emt 0:00:00] The position is equal.} Nc6 12. Qxd5 Qxd5 (12... Qb6 {with more complications.} 13. Nc3 Rd8 14. Qb3 Qxb3 15. axb3 Rd2) 13. Bxd5 {[%emt 0:00:00] [#]} Bh3 $5 $146 {[%emt 0:00:01][%mdl 8] An interesting novelty.} (13... Nxe5 $11 14. f4 Ng4) ({Predecessor:} 13... Nxe5 14. Na3 Bd7 15. f4 Bc6 16. Rfd1 Rfd8 17. Bb3 Ng4 18. Nc4 Bb5 19. h3 Nf6 {½-½ (46) Banusz,T (2631)-Mamedov,R (2654) Tornelo INT 2021}) 14. Rc1 $16 Nxe5 15. Nc3 (15. Bxb7 $16 Rab8 16. Rc7) 15... Rfd8 $11 16. Rd1 Rac8 17. f3 b6 18. Bb7 Rb8 19. Ba6 h5 20. Kf2 Kf8 21. Rac1 Be6 22. b3 Nc6 23. Bb5 Nd4 24. Ba6 Nc6 25. Bb5 Nb4 26. Rxd8+ Rxd8 27. a3 a6 $1 28. axb4 axb5 29. Nxb5 Bxb3 $14 {[%emt 0:00:00][%mdl 4096] Endgame KRB-KRN} 30. Rc6 Rb8 $1 {[%emt 0:00:11] [#] And now ...Ba4 would win.} 31. Rc7 Ba4 32. Nc3 Bb3 33. Ke3 f6 34. Nb5 Ke8 35. Nd4 Bd5 36. Kd3 (36. Nc6 $14 Bxc6 37. Rxc6) 36... Kd8 $11 37. Ra7 Rc8 38. e4 Bc4+ 39. Kd2 b5 (39... e5 $11 {keeps the balance.} 40. Nc2 Rc7 41. Ra8+ Ke7) 40. Ra5 $16 Bf1 41. Nxb5 Bg2 42. Ke3 Rc1 43. Ra8+ Kd7 44. Ra7+ Kd8 45. Nd4 {[%emt 0:00:02] Hoping for b5.} e5 46. Ne6+ Kc8 47. Nc5 Rc3+ 48. Kf2 ({White should play} 48. Kd2 $16 Rc4 49. Rf7 (49. Ra8+ Kc7 $18)) 48... Bxf3 $2 {[%emt 0:00:04] [#]} (48... Rc2+ $14 49. Ke3 Bf1) 49. Ra6 $1 $18 {[%emt 0:00:01] aiming for Rc6+.} Kb8 50. Rb6+ ({Much less strong is} 50. Rxf6 $6 Bg4 51. Rxg6 Rc2+ 52. Ke3 Rxh2 $18) 50... Ka7 {[%emt 0:00:01] White must now prevent ...Rc2+.} 51. Ra6+ Kb8 52. Rxf6 Bg4 53. Rxg6 Rc2+ 54. Ke3 Rxh2 55. Nd3 $4 (55. b5 $18) 55... Re2# {[%emt 0:00:01] Quite a comeback for Black.  Weighted Error Value: White=0.36/Black=0.20 (precise)} 0-1

[Event "FTX Crypto Cup MCCT 2022"]
[Site "Miami"]
[Date "2022.08.11"]
[Round "6.6"]
[White "Firouzja, Alireza"]
[Black "Carlsen, Magnus"]
[Result "1/2-1/2"]
[ECO "B30"]
[WhiteElo "2793"]
[BlackElo "2864"]
[Annotator "TA"]
[PlyCount "156"]
[EventDate "2022.08.10"]
[EventType "tourn"]
[EventCountry "USA"]
[SourceTitle "playchess.com"]
[Source "ChessBase"]
[SourceQuality "1"]
[TimeControl "300+3"]

1. e4 c5 2. Nf3 Nc6 3. Bb5 e5 4. O-O Bd6 5. c3 a6 6. Ba4 {[%emt 0:00:03] B30: Sicilian: 2...Nc6 3 Bb5, lines without ...g6.} b5 7. Bc2 $1 {[%emt 0:00:01] 7.Bc2 is better than 7.Bb3.} Nge7 {[%emt 0:00:02] [#]} 8. Re1 $146 {[%emt 0:00:08] White has an edge.} ({Predecessor:} 8. a4 b4 9. Re1 Ng6 10. d4 bxc3 11. dxe5 cxb2 12. Bxb2 Bxe5 13. Nxe5 Ngxe5 14. Bxe5 Nxe5 {1-0 (28) Robson,R (2669)-Xiong,J (2700) Saint Louis 2021}) 8... O-O $1 9. a4 {[%emt 0:00:01] Strongly threatening axb5.} Rb8 10. d3 (10. axb5 {is more complex.} axb5 11. d4 cxd4 12. cxd4 Nxd4 13. Nxd4 exd4 14. e5) 10... Ng6 11. Be3 Be7 12. Nbd2 d6 13. axb5 axb5 14. Bb3 Be6 15. Bd5 Qd7 16. Ra6 Bxd5 17. exd5 Nd8 18. Qb3 f5 {[%emt 0:00:08] [#]} (18... Qc8 $15 {should be considered.} 19. Rea1 f5) 19. Bxc5 $1 $11 dxc5 20. d6+ $1 {[%emt 0:00:00][%mdl 64] Discovered Attack} c4 (20... Nf7 $5 21. dxe7 Qxe7 $11) 21. Nxc4 ({Much worse is} 21. dxc4 Bf6 22. c5+ Rf7 $17) 21... bxc4 22. Qxb8 Nf7 23. Qb4 {[%emt 0:02:15] 0x0.0023645dd7a7dp-1022s more active pieces.} Nxd6 24. Nxe5 Nxe5 {[%emt 0:00:06][%mdl 64] [#] Remove Defender} 25. Rxe5 cxd3 26. Qd4 Rd8 {[%emt 0:00:28] Threatens to win with ...Ne4.} 27. Qxd3 Ne4 (27... Qb7 $1 $11 28. h3 Nf7) 28. Qxd7 $16 Rxd7 29. g4 h5 (29... Bf6 $16 30. Rxf5 Rd2) 30. gxf5 (30. gxh5 $18 Bf6 31. Rxf5) 30... Ng5 (30... Nc5 $14 31. Ra8+ Kf7) 31. Kg2 h4 32. h3 Bf6 33. Re2 Rd5 34. c4 Rxf5 35. b4 Rf4 $2 (35... Rf3 $1 $14) 36. Rc6 $18 Nf3 $2 (36... Bd4 37. b5 Kf7) 37. b5 Nd4 38. Rc8+ Kh7 39. Re3 Nc2 40. Re2 Nd4 41. Ree8 Nf5 42. Re1 $2 (42. c5 $18) 42... Bd4 (42... Nd6 $11 {keeps the balance.} 43. Rc6 Nxc4) 43. Re2 $16 {[%emt 0:00:02] And now c5 would win.} (43. c5 $2 {leads to mate.} Rxf2+ 44. Kh1 Ng3+ 45. Kg1 Re2#) 43... Nd6 44. Rc6 Nf7 (44... Nb7 $16 45. b6 Na5) 45. b6 $18 {[%emt 0:00:02] Hoping for b7.} Ne5 (45... Nd8 {keeps fighting.} 46. Rd6 Nb7) 46. Rc8 {[%emt 0:00:01] Black must now prevent b7.} Bxb6 47. c5 ({Not} 47. Rxe5 Rxf2+ 48. Kh1 Rf1+ 49. Kg2 Rf2+ 50. Kh1 Rf1+ 51. Kg2 Rf2+ $11) 47... Bxc5 48. Rxc5 {[%emt 0:00:00][%mdl 4096] Endgame KRR-KRN} Nd7 49. Rg5 Kh6 50. Rg4 Rxg4+ (50... Rf5 $142 51. Rxh4+ Kg5) 51. hxg4 {[%emt 0:00:00] KR-KN} Kg5 52. Kf3 (52. Re7 $142 Nf6 53. Kh3) 52... Kf6 53. Ra2 $2 (53. Kf4 g5+ 54. Ke4) 53... Ne5+ 54. Kf4 $2 (54. Ke4 $18 {Threatening mate with Ra6+.} Nxg4 55. Kf4) 54... g5+ $1 $11 55. Ke4 {[%emt 0:00:01] White threatens Ra6+ and mate.} Nxg4 56. Ra6+ Kg7 $1 57. Kf5 Nxf2 58. Ra2 Nh3 59. Ra7+ {[%emt 0:00:03][%mdl 1024] White has compensation.} Kh6 60. Ra6+ $1 Kh5 61. Ra8 Kh6 62. Rh8+ Kg7 63. Rh5 Kf7 64. Rh7+ Ke8 65. Rh6 Nf4 66. Kxg5 Nd5 67. Kf5 Kd7 {[%emt 0:00:02] The position is equal.} 68. Ke5 Nc7 69. Rxh4 Kc6 70. Rc4+ Kd7 71. Rc1 Nb5 72. Rb1 Kc6 73. Rh1 Nc7 74. Rh8 Kd7 75. Rh7+ Kc6 76. Rh6+ Kd7 77. Rb6 Ne8 78. Rb7+ Nc7 {[%emt 0:00:02] Black defended with fortune.  Weighted Error Value: White=0.38/Black=0.35} 1/2-1/2